 Dungeon Crawl Stone Soup version 0.27.1-34-g3ba077fa99 (webtiles) character file.

Game seed: 1031313443325735639

1319 fishdoom the Covered (level 8, -2/63 (64) HPs)
             Began as a Gnoll Wanderer on Jan 21, 2022.
             Was a Follower of Yredelemnul.
             Slain by Edmund (6 damage)
             ... on level 6 of the Dungeon.
             The game lasted 00:32:39 (5476 turns).

fishdoom the Covered (Gnoll Wanderer)               Turns: 5476, Time: 00:32:40

HP:   -2/63 (64)    AC: 11    Str: 10    XL:     8   Next: 59%
MP:   13/13         EV: 11    Int: 16    God:    Yredelemnul [*.....]
Gold: 392           SH:  0    Dex: 11    Spells: 9/13 levels left

rFire    . . .     SeeInvis .   y - +1 dagger (venom)
rCold    . . .     Faith    .   (no shield)
rNeg     . . .     Spirit   .   c - +0 ring mail
rPois    .         Reflect  .   u - +0 helmet
rElec    .         Harm     .   (no cloak)
rCorr    .         Rampage  .   s - +2 pair of gloves {Stlth+}
Will     .....                  (no boots)
Stlth    +++.......             j - amulet of the acrobat
HPRegen  0.20/turn              (no ring)
MPRegen  0.13/turn              (no ring)

@: lightly drained
A: fangs 1, strong nose, distributed training
a: Renounce Religion, Animate Remains


You were on level 6 of the Dungeon.
You worshipped Yredelemnul.
Yredelemnul was aware of your devotion.
You visited 1 branch of the dungeon, and saw 6 of its levels.

You collected 392 gold pieces.

Inventory:

Hand Weapons
 a - a +2 shortbow
 x - the +4 short sword of Contian {pain, rF+ rN+ Dex-2 SInv}
   (You found it on level 5 of the Dungeon)

   In the hands of one skilled in necromantic magic, it inflicts extra damage on
   living creatures.
   Dex:       It affects your dexterity (-2).
   rF:        It protects you from fire.
   rN:        It protects you from negative energy.
   SInv:      It lets you see invisible.
 y - a +1 dagger of venom (weapon)
Missiles
 b - 49 arrows
 n - a boomerang of dispersal
 w - 3 atropa-tipped darts (quivered)
Armour
 c - a +0 ring mail (worn)
 l - a +1 robe of willpower
 s - a +2 pair of gloves of stealth (worn)
 u - a +0 helmet (worn)
Magical Staves
 m - a staff of cold
Jewellery
 f - a ring of ice
 j - an amulet of the acrobat (around neck)
Scrolls
 d - 2 scrolls of teleportation
 g - 3 scrolls of identify
 i - a scroll of magic mapping {unknown}
 k - a scroll of brand weapon {unknown}
 q - 3 scrolls of enchant weapon {unknown}
 t - a scroll of amnesia {unknown}
Potions
 e - a potion of invisibility
 h - a potion of cancellation {unknown}
 o - 2 potions of curing {unknown}
 p - a potion of degeneration {unknown}
 v - 2 potions of flight


   Skills:
 + Level 5.8 Fighting
 + Level 3.4 Short Blades
 + Level 3.4 Long Blades
 + Level 3.4 Axes
 + Level 3.4 Maces & Flails
 + Level 3.4 Polearms
 + Level 3.4 Staves
 + Level 3.4 Slings
 + Level 5.8 Bows
 + Level 4.3 Crossbows
 + Level 5.8 Throwing
 + Level 7.4 Armour
 + Level 3.4 Dodging
 + Level 3.4 Stealth
 + Level 3.4 Shields
 + Level 3.4 Unarmed Combat
 + Level 3.4 Spellcasting
 + Level 2.8 Conjurations
 + Level 2.8 Hexes
 + Level 2.8 Summonings
 + Level 2.8 Necromancy
 + Level 2.8 Translocations
 + Level 2.8 Transmutations
 + Level 2.8 Fire Magic
 + Level 2.8 Ice Magic
 + Level 2.8 Air Magic
 + Level 2.8 Earth Magic
 + Level 2.8 Poison Magic
 + Level 3.7 Invocations
 + Level 3.4 Evocations


You had 9 spell levels left.
You knew the following spells:

 Your Spells              Type           Power      Damage    Failure   Level
a - Corona                Hex            12%        N/A       13%         1
b - Summon Small Mammal   Summ           44%        N/A       13%         1
c - Animate Skeleton      Necr           22%        N/A       13%         1
d - Apportation           Tloc           22%        N/A       13%         1

Your spell library contained the following spells:

 Spells                   Type           Power      Damage    Failure   Level
 Slow                     Hex            11%        N/A       19%         2
 Confusing Touch          Hex            11%        N/A       36%         3
 Vampiric Draining        Necr           5%         2d6       36%         3
 Dispersal                Tloc           5%         N/A       100%        6
 Disjunction              Tloc           5%         N/A       100%        8


Dungeon Overview and Level Annotations

Branches:
Dungeon (6/15)
 Temple: D:4-7

Altars:
Qazlal
Vehumet
Yredelemnul

Shops:
D:1 ==!   D:5 *

Annotations:
D:6 Edmund


Innate Abilities, Weirdness & Mutations

You have very sharp teeth.
Your uncanny sense of smell can sniff out nearby items.
Your experience applies equally to all skills.


Message History

You bite Edmund, but do no damage.
* * * LOW HITPOINT WARNING * * *
You feel very sick.
Edmund hits you with a +4 flail of draining.
* * * LOW HITPOINT WARNING * * *
You feel drained.
* * * LOW HITPOINT WARNING * * *
You feel sick.
Edmund seems less confused.
Edmund completely misses you.
You feel yourself speed up.
* * * LOW HITPOINT WARNING * * *
You feel sick.
You feel sick.
You feel sick.
Throw: 5 darts (atropa)
Press: ? - help, Q - select action, (/) - cycle Shift-Dir - straight line, f/p - Edmund
Aim: Edmund, wielding a +4 flail of draining and wearing a +0 leather armour (lightly wounded, wandering, blind, poisoned, hasn't noticed you, 60% to hit, chance to blind on hit: 78%)
You throw an atropa-tipped dart. The atropa-tipped dart hits Edmund!
Edmund appears confused.
Edmund is lightly wounded.
You feel sick.
Okay, then.
Okay, then.
You attempt to give life to the dead...
There are no remains here to animate!
You feel sick.
You are no longer poisoned.
Edmund seems less confused.
Edmund shouts!
Edmund says, "I'm quite good with sums, too."
You see here an atropa-tipped dart.
Edmund says, "I'm quite good with sums, too."
Edmund looks more healthy.
Edmund is no longer blind.
Throw: 4 darts (atropa)
Press: ? - help, Q - select action, (/) - cycle Shift-Dir - straight line, f/p - Edmund
Aim: Edmund, wielding a +4 flail of draining and wearing a +0 leather armour (moderately wounded, 60% to hit, chance to blind on hit: 80%)
You throw an atropa-tipped dart. The atropa-tipped dart hits Edmund!
Edmund appears confused.
Edmund is moderately wounded.
Edmund hits you with a +4 flail of draining.
You die...
Your body rises from the dead as a mindless zombie.

#(# #.# #..# #.## #..#
.### ## ...#########
#..# ...≈#≈#
...........# #..# :.≈..#
...#######.# #..# .≈#..
# #### ####.#####..#
..≈#.. #.......##..#
..#≈#[.
#.##.##.##@@######....≈#
#)##.##.##....(.(...#
#.##>......########.≈#
#.#####.#### #≈#
#.#####Z# ≈# #....Z..#
#########


You could see Edmund (confused, blind).

Vanquished Creatures
  A hornet (D:6)
  Sigmund (D:2)
  A water moccasin (D:4)
  A black bear (D:6)
  An ogre (D:5)
  A phantom (D:4)
  A bullfrog (D:4)
  A water moccasin skeleton (D:4)
  A bullfrog zombie (D:5)
  3 hounds
  A jelly (D:6)
  2 centaur skeletons
  Jessica (D:3)
  An iguana (D:5)
  Terence (D:2)
  9 adders
  3 white imps
  An adder skeleton (D:4)
  4 worms
  4 dart slugs
  3 orcs
  11 ball pythons
  9 endoplasms
  3 giant cockroaches
  8 hobgoblins
  4 jackals (D:3)
  5 quokkas
  3 bats
  7 frilled lizards
  10 kobolds
  A quokka skeleton (D:4)
  10 rats
113 creatures vanquished.

Vanquished Creatures (collateral kills)
  A centaur zombie (D:6)
  A jackal (D:3)
2 creatures vanquished.

Vanquished Creatures (others)
  A black bear zombie (D:6)
1 creature vanquished.

Grand Total: 116 creatures vanquished

Notes
Turn   | Place    | Note
-------+----------+-------------------------------------------
     0 | D:1      | fishdoom the Gnoll Wanderer began the quest for the Orb.
     0 | D:1      | fishdoom set off with the following items: a +2 shortbow,
                  | 23 arrows, a +0 ring mail, a scroll of teleportation
     0 | D:1      | Reached XP level 1. HP: 20/20 MP: 1/1
   147 | D:1      | Reached XP level 2. HP: 18/26 MP: 2/2
   148 | D:1      | Found Fyhucs's Distillery.
   283 | D:1      | Found a faded altar of an unknown god.
   457 | D:1      | Reached XP level 3. HP: 31/31 MP: 3/3
   474 | D:1      | Found Diarph's Jewellery Emporium.
   514 | D:1      | Found Igydghesi's Jewellery Emporium.
   948 | D:2      | Noticed Terence
   960 | D:2      | Killed Terence
   961 | D:2      | Reached skill level 1 in Short Blades
   961 | D:2      | Reached skill level 1 in Long Blades
   961 | D:2      | Reached skill level 1 in Axes
   961 | D:2      | Reached skill level 1 in Maces & Flails
   961 | D:2      | Reached skill level 1 in Polearms
   961 | D:2      | Reached skill level 1 in Staves
   961 | D:2      | Reached skill level 1 in Slings
   961 | D:2      | Reached skill level 1 in Dodging
   961 | D:2      | Reached skill level 1 in Stealth
   961 | D:2      | Reached skill level 1 in Shields
   961 | D:2      | Reached skill level 1 in Unarmed Combat
   961 | D:2      | Reached skill level 1 in Spellcasting
   961 | D:2      | Reached skill level 1 in Invocations
   961 | D:2      | Reached skill level 1 in Evocations
   961 | D:2      | Reached XP level 4. HP: 18/38 MP: 5/5
  1427 | D:2      | Reached skill level 1 in Conjurations
  1427 | D:2      | Reached skill level 1 in Hexes
  1427 | D:2      | Reached skill level 1 in Summonings
  1427 | D:2      | Reached skill level 1 in Necromancy
  1427 | D:2      | Reached skill level 1 in Translocations
  1427 | D:2      | Reached skill level 1 in Transmutations
  1427 | D:2      | Reached skill level 1 in Fire Magic
  1427 | D:2      | Reached skill level 1 in Ice Magic
  1427 | D:2      | Reached skill level 1 in Air Magic
  1427 | D:2      | Reached skill level 1 in Earth Magic
  1427 | D:2      | Reached skill level 1 in Poison Magic
  1467 | D:2      | Noticed Sigmund
  1478 | D:2      | Killed Sigmund
  1479 | D:2      | Reached XP level 5. HP: 43/43 MP: 5/7
  1479 | D:2      | Reached XP level 6. HP: 50/50 MP: 5/8
  1898 | D:3      | Noticed Jessica
  1911 | D:3      | Killed Jessica
  1934 | D:3      | Reached skill level 5 in Fighting
  1934 | D:3      | Reached skill level 5 in Bows
  1934 | D:3      | Reached skill level 5 in Throwing
  2238 | D:3      | Learned a level 1 spell: Corona
  2241 | D:3      | Learned a level 1 spell: Summon Small Mammal
  2828 | D:3      | Found a radiant altar of Vehumet.
  3147 | D:4      | Reached XP level 7. HP: 56/56 MP: 10/10
  3280 | D:4      | Found a basalt altar of Yredelemnul.
  3287 | D:4      | Became a worshipper of Yredelemnul the Dark
  3313 | D:4      | Reached skill level 7 in Armour
  3313 | D:4      | Found a stormy altar of Qazlal.
  3441 | D:4      | Learned a level 1 spell: Animate Skeleton
  3608 | D:4      | Learned a level 1 spell: Apportation
  3878 | D:5      | Entered Level 5 of the Dungeon
  3878 | D:5      | Found Ixaum's Gadget Gallery.
  3928 | D:4      | HP: 2/56 [poisoned by a water moccasin]
  4333 | D:4      | Reached XP level 8. HP: 49/63 MP: 12/12
  4841 | D:5      | Reached * piety under Yredelemnul
  4855 | D:5      | Identified the +4 short sword of Contian {pain, rF+ rN+
                  | Dex-2 SInv}
  5444 | D:6      | Noticed Edmund
  5444 | D:6      | Noticed a hornet
  5459 | D:6      | Paralysed by a hornet for 1 turns
  5461 | D:6      | Killed a hornet
  5468 | D:6      | HP: 3/63 [poisoned by a hornet]
  5476 | D:6      | Slain by Edmund

Illustrated notes

Levels and vault maps discovered:
D:1:      amcnicky_arrival_double_pillar, layout_basic, serial_shops, shop,
          nicolae_shop_temple_entry_statues_fountains, nicolae_shop_crystal,
          ebering_ecumenical_altar_box, minmay_heptomino_w4
D:2:      layout_basic, minmay_misc_feat_cross, uniq_terence, uniq_sigmund
D:3:      minmay_chambers_of_threes, layout_basic,
          lemuel_coloured_pillars_altar, uniq_jessica
D:4:      layout_loops_cross, mainiacjoe_overflow_large_starburst,
          grunt_ministairs_6, corexii_item_surrounded_by_moat
D:5:      layout_cave_pools, portal_sewer_entry_b, kennysheep_path_1,
          nicolae_shop_gadgets
D:6:      layout_loops_ring, lemuel_tele_altar, minmay_fountain_box,
          nicolae_water_bricks, uniq_edmund

Skill      XL: |  1  2  3  4  5  6  7  8 |
---------------+-------------------------+-----
Short Blades   | 1 2 3 |  3.4
Long Blades    | 1 2 3 |  3.4
Axes           | 1 2 3 |  3.4
Maces & Flails | 1 2 3 |  3.4
Polearms       | 1 2 3 |  3.4
Staves         | 1 2 3 |  3.4
Slings         | 1 2 3 |  3.4
Dodging        | 1 2 3 |  3.4
Stealth        | 1 2 3 |  3.4
Shields        | 1 2 3 |  3.4
Unarmed Combat | 1 2 3 |  3.4
Spellcasting   | 1 2 3 |  3.4
Invocations    | 1 2 3 |  3.7
Evocations     | 1 2 3 |  3.4
Conjurations   | 1 2 |  2.8
Hexes          | 1 2 |  2.8
Summonings     | 1 2 |  2.8
Necromancy     | 1 2 |  2.8
Translocations | 1 2 |  2.8
Transmutations | 1 2 |  2.8
Fire Magic     | 1 2 |  2.8
Ice Magic      | 1 2 |  2.8
Air Magic      | 1 2 |  2.8
Earth Magic    | 1 2 |  2.8
Poison Magic   | 1 2 |  2.8
Crossbows      | 3 4 |  4.3
Fighting       | 5 |  5.8
Bows           | 5 |  5.8
Throwing       | 5 |  5.8
Armour         | 7 |  7.4

Action                   |  1- 3 |  4- 6 |  7- 9 || total
-------------------------+-------+-------+-------++-------
Melee: Dagger            |       |    21 |   222 ||   243
       Bite              |       |     1 |    16 ||    17
       Punch             |       |     1 |     1 ||     2
 Fire: Shortbow          |    82 |   164 |    13 ||   259
Throw: Boomerang         |       |     1 |       ||     1
       Dart              |       |       |     3 ||     3
 Cast: Summon Small Mamm |       |     5 |     1 ||     6
       Corona            |       |     1 |       ||     1
       Apportation       |       |       |     1 ||     1
       Animate Skeleton  |       |       |     1 ||     1
Invok: Animate Remains   |       |       |     1 ||     1
  Use: Scroll            |       |       |     2 ||     2
 Stab: Sleeping          |       |       |     3 ||     3
       Distracted        |       |       |     1 ||     1
Armor: Ring mail         |    14 |    51 |   116 ||   181
Dodge: Dodged            |    26 |    49 |   172 ||   247
